| TOP OF THE 1ST |
|
Winter Haven Sun Sox batting - Pitching for Fort Myers Palms : LHP Mel Estrada
|
|
Pitching: LHP Mel Estrada
|
|
|
Batting: LHB Don Carter
|
0-0: Foul Ball, location: 2F 0-1: Reached on error, E4 (Groundball, 4, EV 88.8 MPH)
|
|
Batting: RHB Takashi Upshur
|
0-0: Ball 1-0: Ball 2-0: Ball 3-0: Base on Balls Don Carter to second
|
|
Batting: RHB Augie Schmidt
|
0-0: Swinging Strike 0-1: Swinging Strike 0-2: Ball 1-2: Foul Ball, location: 2F 1-2: DOUBLE (Line Drive, 8RD, EV 104.4 MPH) Don Carter scores Takashi Upshur to third
|
|
Batting: RHB Sam Sorce
|
0-0: Ball 1-0: SINGLE (Flyball, 8LS, EV 95.0 MPH) Takashi Upshur scores Augie Schmidt to third
|
|
Batting: RHB Stephen Rhodes
|
0-0: Ball 1-0: Called Strike Pickoff Throw by Catcher to First - Out! 1-1: Swinging Strike 1-2: Ball 2-2: Foul Ball, location: 2F 2-2: Strikes out swinging
|
|
Batting: RHB Domingo Ramos
|
0-0: Ball 1-0: Ball 2-0: Foul Ball, location: 2F 2-1: SINGLE (Line Drive, 6MD, EV 96.3 MPH) Augie Schmidt scores
|
|
Batting: RHB Jose Marcano
|
0-0: Ball 1-0: Called Strike 1-1: Ball 2-1: Ball 3-1: Base on Balls Domingo Ramos to second
|
|
Batting: LHB Charles Melito
|
0-0: Ball 1-0: Called Strike 1-1: Ball 2-1: Fly out, F9 (Flyball, 89S, EV 83.8 MPH)
|
| Top of the 1st over - 3 runs, 3 hits, 1 error, 2 left on base; Winter Haven 3 - Fort Myers 0 |
| BOTTOM OF THE 1ST |
|
Fort Myers Palms batting - Pitching for Winter Haven Sun Sox : RHP Camila Estado
|
|
Pitching: RHP Camila Estado
|
|
|
Batting: RHB Stanley Baker
|
0-0: Foul Ball, location: 7LSF, Error on foul ball, E7 0-1: Ball 1-1: Ground out 6-3 (Groundball, 6M, EV 101.3 MPH)
|
|
Batting: RHB Johnny Evans
|
0-0: Called Strike 0-1: Ball 1-1: Called Strike 1-2: Fly out, F8 (Line Drive, 8RM, EV 99.4 MPH)
|
|
Batting: LHB Gus Burgess
|
0-0: Foul Ball, location: 2F 0-1: SINGLE (Line Drive, 7S, EV 107.5 MPH)
|
|
Batting: RHB Lindon Duncan
|
0-0: Ball Gus Burgess is caught stealing 2nd base 2-4
|
| Bottom of the 1st over - 0 runs, 1 hit, 1 error, 0 left on base; Winter Haven 3 - Fort Myers 0 |
| TOP OF THE 2ND |
|
Winter Haven Sun Sox batting - Pitching for Fort Myers Palms : LHP Mel Estrada
|
|
Batting: RHB Mark Campbell
|
0-0: SINGLE (Groundball, 4, EV 98.8 MPH)
|
|
Batting: LHB Don Carter
|
0-0: Ball 1-0: Called Strike 1-1: Called Strike 1-2: Strikes out swinging
|
|
Batting: RHB Takashi Upshur
|
0-0: Ball 1-0: Called Strike 1-1: Swinging Strike 1-2: Ball 2-2: Ball 3-2: Foul Ball, location: 2F 3-2: Foul Ball, location: 2F 3-2: Base on Balls Mark Campbell to second
|
|
Batting: RHB Augie Schmidt
|
0-0: Called Strike 0-1: Fielders Choice at 2nd, 3-6 (Groundball, 34, EV 80.0 MPH) Mark Campbell to third
|
|
Batting: RHB Sam Sorce
|
0-0: Ball 1-0: SINGLE (Groundball, 6MD, EV 95.6 MPH) Mark Campbell scores Augie Schmidt to second Runner from 2nd tries for 3rd, SAFE, throw by CF made to third
|
|
Batting: RHB Stephen Rhodes
|
0-0: Foul Ball, location: 2F 0-1: Fly out, F8 (Flyball, 78D, EV 101.9 MPH)
|
| Top of the 2nd over - 1 run, 2 hits, 0 errors, 2 left on base; Winter Haven 4 - Fort Myers 0 |
| BOTTOM OF THE 2ND |
|
Fort Myers Palms batting - Pitching for Winter Haven Sun Sox : RHP Camila Estado
|
|
Batting: RHB Lindon Duncan
|
0-0: Ball 1-0: Ball 2-0: Ball 3-0: Called Strike 3-1: Base on Balls
|
|
Batting: LHB Edgar Quintanilla
|
0-0: Called Strike 0-1: Ball 1-1: 2-RUN HOME RUN (Flyball, 89XD, EV 104.4 MPH), Distance : 420 ft
|
|
Batting: RHB Carl Nichols
|
0-0: Ball 1-0: SINGLE (Groundball, 56D, EV 102.5 MPH)
|
|
Batting: RHB David Sullivan
|
0-0: Fly out, F7 (Line Drive, 7, EV 99.4 MPH)
|
|
Batting: RHB Jay Greb
|
0-0: Ball 1-0: Called Strike 1-1: Fielders Choice at 2nd, 6-4 (Groundball, 56, EV 107.5 MPH)
|
|
Batting: SHB Porter Wyatt
|
0-0: Called Strike 0-1: Foul Ball, location: 2F 0-2: Ball 1-2: Ball 2-2: Ball Jay Greb steals 2nd base 3-2: Foul Ball, location: 2F 3-2: Base on Balls
|
|
Batting: RHB Stanley Baker
|
0-0: Ball 1-0: Called Strike 1-1: Foul Ball, location: 2F 1-2: Foul Ball, location: 2F 1-2: Fielders Choice at 2nd, 6-4 (Groundball, 6, EV 106.3 MPH)
|
| Bottom of the 2nd over - 2 runs, 2 hits, 0 errors, 2 left on base; Winter Haven 4 - Fort Myers 2 |
| TOP OF THE 3RD |
|
Winter Haven Sun Sox batting - Pitching for Fort Myers Palms : LHP Mel Estrada
|
|
Batting: RHB Domingo Ramos
|
0-0: Ball 1-0: Ball 2-0: Ball 3-0: Base on Balls
|
|
Batting: RHB Jose Marcano
|
0-0: Called Strike 0-1: Ball 1-1: Foul Ball, location: 2F 1-2: Ball 2-2: Ball 3-2: Foul Ball, location: 2F 3-2: Foul Ball, location: 2F 3-2: Foul Ball, location: 2F 3-2: Foul Ball, location: 2F 3-2: Ground out 4-3 (Groundball, 4, EV 90.0 MPH) Domingo Ramos to second
|
|
Batting: LHB Charles Melito
|
0-0: Called Strike 0-1: Called Strike 0-2: Ball 1-2: Strikes out swinging
|
|
Batting: RHB Mark Campbell
|
0-0: Fly out, F8 (Flyball, 8LS, EV 91.3 MPH)
|
| Top of the 3rd over - 0 runs, 0 hits, 0 errors, 1 left on base; Winter Haven 4 - Fort Myers 2 |
| BOTTOM OF THE 3RD |
|
Fort Myers Palms batting - Pitching for Winter Haven Sun Sox : RHP Camila Estado
|
|
Batting: RHB Johnny Evans
|
0-0: Ball 1-0: Ball 2-0: SINGLE (Line Drive, 9LS, EV 91.9 MPH)
|
|
Batting: LHB Gus Burgess
|
0-0: Called Strike 0-1: Ball 1-1: SINGLE (Groundball, 4MS, EV 62.5 MPH) (infield hit) Johnny Evans to second
|
|
Batting: RHB Lindon Duncan
|
0-0: Called Strike 0-1: Ball 1-1: Called Strike 1-2: Foul Ball, location: 2F 1-2: Foul Ball, location: 2F 1-2: Ball 2-2: Foul Ball, location: 2F 2-2: Ball 3-2: Base on Balls Johnny Evans to third Gus Burgess to second
|
|
Batting: LHB Edgar Quintanilla
|
0-0: Ball 1-0: Ball 2-0: Called Strike 2-1: Swinging Strike 2-2: Grounds into double play, 4-6-3 (Groundball, 34, EV 77.5 MPH) Johnny Evans scores Gus Burgess to third
|
|
Batting: RHB Carl Nichols
|
0-0: Ball 1-0: SINGLE (Flyball, 8RS, EV 91.9 MPH) Gus Burgess scores
|
|
Batting: RHB David Sullivan
|
0-0: Called Strike 0-1: Ball 1-1: DOUBLE (Line Drive, 9LM, EV 109.4 MPH) Carl Nichols to third Runner from 3rd tries for Home, SAFE, no throw by RF
|
|
Batting: RHB Jay Greb
|
0-0: Ball 1-0: Called Strike 1-1: DOUBLE (Flyball, 78D, EV 107.5 MPH) David Sullivan scores
|
|
Pitching: RHP Andrew Tam
|
|
|
Batting: SHB Porter Wyatt
|
0-0: Called Strike 0-1: Swinging Strike 0-2: Foul Ball, location: 2F 0-2: Ball 1-2: Foul Ball, location: 2F 1-2: Foul Ball, location: 2F 1-2: Fly out, F7 (Flyball, 7, EV 95.0 MPH)
|
| Bottom of the 3rd over - 4 runs, 5 hits, 0 errors, 1 left on base; Winter Haven 4 - Fort Myers 6 |
| TOP OF THE 4TH |
|
Winter Haven Sun Sox batting - Pitching for Fort Myers Palms : LHP Mel Estrada
|
|
Batting: LHB Don Carter
|
0-0: Ball 1-0: Swinging Strike 1-1: Swinging Strike 1-2: Foul Ball, location: 2F 1-2: Strikes out swinging
|
|
Batting: RHB Takashi Upshur
|
0-0: Ball 1-0: Foul Ball, location: 2F 1-1: Ball 2-1: Ground out 5-3 (Groundball, 56, EV 105.0 MPH)
|
|
Batting: RHB Augie Schmidt
|
0-0: Called Strike 0-1: Swinging Strike 0-2: SINGLE (Groundball, 3D, EV 109.4 MPH)
|
|
Batting: RHB Sam Sorce
|
0-0: Ball 1-0: Fly out, F9 (Flyball, 9LM, EV 85.6 MPH)
|
| Top of the 4th over - 0 runs, 1 hit, 0 errors, 1 left on base; Winter Haven 4 - Fort Myers 6 |
| BOTTOM OF THE 4TH |
|
Fort Myers Palms batting - Pitching for Winter Haven Sun Sox : RHP Andrew Tam
|
|
Batting: RHB Stanley Baker
|
0-0: Ground out 5-3 (Groundball, 56S, EV 90.0 MPH)
|
|
Batting: RHB Johnny Evans
|
0-0: Called Strike 0-1: Ball 1-1: Foul Ball, location: 2F 1-2: Strikes out looking
|
|
Batting: LHB Gus Burgess
|
0-0: Called Strike 0-1: Ball 1-1: Fly out, F8 (Line Drive, 8LD, EV 99.4 MPH)
|
| Bottom of the 4th over - 0 runs, 0 hits, 0 errors, 0 left on base; Winter Haven 4 - Fort Myers 6 |
| TOP OF THE 5TH |
|
Winter Haven Sun Sox batting - Pitching for Fort Myers Palms : LHP Mel Estrada
|
|
Batting: RHB Stephen Rhodes
|
0-0: Swinging Strike 0-1: Swinging Strike 0-2: Fly out, F4 (Line Drive, 4, EV 67.5 MPH)
|
|
Batting: RHB Domingo Ramos
|
0-0: Called Strike 0-1: Ball 1-1: Foul Ball, location: 2F 1-2: Ground out 5-3 (Groundball, 56, EV 91.9 MPH)
|
|
Batting: RHB Jose Marcano
|
0-0: Ball 1-0: Ball 2-0: Called Strike 2-1: Swinging Strike 2-2: Foul Ball, location: 2F 2-2: Strikes out swinging
|
| Top of the 5th over - 0 runs, 0 hits, 0 errors, 0 left on base; Winter Haven 4 - Fort Myers 6 |
| BOTTOM OF THE 5TH |
|
Fort Myers Palms batting - Pitching for Winter Haven Sun Sox : RHP Andrew Tam
|
|
Batting: RHB Lindon Duncan
|
0-0: Ball 1-0: Ball 2-0: Ball 3-0: Base on Balls
|
|
Batting: LHB Edgar Quintanilla
|
0-0: Called Strike 0-1: Ball 1-1: Fly out, F9 (Flyball, 89M, EV 83.8 MPH)
|
|
Batting: RHB Carl Nichols
|
0-0: Called Strike 0-1: Ball 1-1: Fly out, F7 (Flyball, 7LM, EV 88.1 MPH)
|
|
Batting: RHB David Sullivan
|
0-0: Called Strike 0-1: Ball 1-1: Ball 2-1: Fly out, F8 (Flyball, 8RS, EV 91.3 MPH)
|
| Bottom of the 5th over - 0 runs, 0 hits, 0 errors, 1 left on base; Winter Haven 4 - Fort Myers 6 |
| TOP OF THE 6TH |
|
Winter Haven Sun Sox batting - Pitching for Fort Myers Palms : LHP Mel Estrada
|
|
Batting: LHB Charles Melito
|
0-0: Called Strike 0-1: Foul Ball, location: 2F 0-2: Ball 1-2: Fly out, F9 (Flyball, 89M, EV 85.0 MPH)
|
|
Batting: RHB Mark Campbell
|
0-0: Ball 1-0: Swinging Strike 1-1: Foul Ball, location: 2F 1-2: Strikes out swinging
|
|
Batting: LHB Don Carter
|
0-0: Ball 1-0: Ground out 6-3 (Groundball, 6, EV 108.8 MPH)
|
| Top of the 6th over - 0 runs, 0 hits, 0 errors, 0 left on base; Winter Haven 4 - Fort Myers 6 |
| BOTTOM OF THE 6TH |
|
Fort Myers Palms batting - Pitching for Winter Haven Sun Sox : RHP Andrew Tam
|
|
Batting: RHB Jay Greb
|
0-0: Ground out 6-3 (Groundball, 6, EV 81.9 MPH)
|
|
Batting: SHB Porter Wyatt
|
0-0: Ball 1-0: Ball 2-0: Ball 3-0: Foul Ball, location: 2F 3-1: Base on Balls
|
|
Batting: RHB Stanley Baker
|
0-0: Ground out U3 (Groundball, 34S, EV 90.6 MPH) Porter Wyatt to second
|
|
Batting: RHB Johnny Evans
|
0-0: Foul Ball, location: 2F 0-1: Ball 1-1: Ball 2-1: Ball 3-1: Called Strike 3-2: Base on Balls
|
|
Batting: LHB Gus Burgess
|
0-0: Called Strike 0-1: Ball 1-1: Ball 2-1: Ball 3-1: Swinging Strike 3-2: Base on Balls Porter Wyatt to third Johnny Evans to second
|
|
Pitching: RHP Dave Steffen
|
|
|
Batting: RHB Lindon Duncan
|
0-0: Ball 1-0: Ball 2-0: TRIPLE (Flyball, 89XD, EV 111.9 MPH) Porter Wyatt scores Johnny Evans scores Gus Burgess scores
|
|
Batting: LHB Edgar Quintanilla
|
0-0: Ball 1-0: Called Strike 1-1: Foul Ball, location: 2F 1-2: Fly out, F1 (Line Drive, P, EV 71.3 MPH)
|
| Bottom of the 6th over - 3 runs, 1 hit, 0 errors, 1 left on base; Winter Haven 4 - Fort Myers 9 |
| TOP OF THE 7TH |
|
Winter Haven Sun Sox batting - Pitching for Fort Myers Palms : LHP Mel Estrada
|
|
Batting: RHB Takashi Upshur
|
0-0: Called Strike 0-1: Ball 1-1: Ball 2-1: Ground out 4-3 (Groundball, 34, EV 101.3 MPH)
|
|
Pitching: RHP Steve Dunnegan
|
|
|
Batting: RHB Augie Schmidt
|
0-0: Ball 1-0: Ball 2-0: Foul Ball, location: 2F 2-1: Foul Ball, location: 2F 2-2: Ball 3-2: Fly out, F8 (Line Drive, 8LD, EV 86.9 MPH)
|
|
Batting: RHB Sam Sorce
|
0-0: Called Strike 0-1: Fly out, F8 (Flyball, 78M, EV 84.4 MPH)
|
| Top of the 7th over - 0 runs, 0 hits, 0 errors, 0 left on base; Winter Haven 4 - Fort Myers 9 |
| BOTTOM OF THE 7TH |
|
Fort Myers Palms batting - Pitching for Winter Haven Sun Sox : RHP Dave Steffen
|
|
Batting: RHB Carl Nichols
|
0-0: Called Strike 0-1: Ball 1-1: Foul Ball, location: 2F 1-2: Ball 2-2: Ground out 5-3 (Groundball, 5L, EV 81.3 MPH)
|
|
Batting: RHB David Sullivan
|
0-0: Ball 1-0: Ball 2-0: Called Strike 2-1: Ball 3-1: Base on Balls
|
|
Batting: RHB Jay Greb
|
0-0: Ball 1-0: Ball 2-0: Swinging Strike 2-1: Fly out, F8 (Flyball, 8RS, EV 90.0 MPH)
|
|
Batting: SHB Porter Wyatt
|
0-0: Ball David Sullivan steals 2nd base 1-0: Ball 2-0: Ball 3-0: Called Strike 3-1: Base on Balls
|
|
Batting: RHB Stanley Baker
|
0-0: Foul Ball, location: 2F 0-1: Fly out, F8 (Flyball, 89D, EV 78.8 MPH)
|
| Bottom of the 7th over - 0 runs, 0 hits, 0 errors, 2 left on base; Winter Haven 4 - Fort Myers 9 |
| TOP OF THE 8TH |
|
Winter Haven Sun Sox batting - Pitching for Fort Myers Palms : RHP Steve Dunnegan
|
|
Batting: RHB Stephen Rhodes
|
0-0: Foul Ball, location: 2F 0-1: Ball 1-1: Ball 2-1: Ball 3-1: Foul Ball, location: 2F 3-2: Base on Balls
|
|
Batting: RHB Domingo Ramos
|
0-0: Called Strike 0-1: Ball 1-1: Foul Ball, location: 2F 1-2: Ball 2-2: Fielders Choice at 2nd, 5-4 (Groundball, 56, EV 106.9 MPH)
|
|
Batting: RHB Jose Marcano
|
0-0: Called Strike 0-1: Swinging Strike 0-2: Fielders Choice at 2nd, 1-6 (Groundball, 13S, EV 61.9 MPH)
|
|
Batting: LHB Charles Melito
|
0-0: Fly out, F9 (Line Drive, 9D, EV 93.8 MPH)
|
| Top of the 8th over - 0 runs, 0 hits, 0 errors, 1 left on base; Winter Haven 4 - Fort Myers 9 |
| BOTTOM OF THE 8TH |
|
Fort Myers Palms batting - Pitching for Winter Haven Sun Sox : RHP Dave Steffen
|
|
Batting: RHB Johnny Evans
|
0-0: Ball 1-0: Foul Ball, location: 2F 1-1: Called Strike 1-2: Foul Ball, location: 2F 1-2: Ground out 6-3 (Groundball, 6, EV 105.6 MPH)
|
|
Batting: LHB Gus Burgess
|
0-0: Called Strike 0-1: Ball 1-1: SINGLE (Line Drive, 56D, EV 105.6 MPH)
|
|
Pitching: RHP Luis Soriano
|
|
|
Batting: RHB Lindon Duncan
|
0-0: Called Strike 0-1: Ball 1-1: Called Strike Gus Burgess steals 2nd base 1-2: Ball 2-2: Fly out, F9 (Flyball, 9, EV 96.9 MPH)
|
|
Batting: LHB Edgar Quintanilla
|
0-0: Ball 1-0: Ball 2-0: SINGLE (Groundball, 34D, EV 103.1 MPH) Gus Burgess to third Runner from 3rd tries for Home, SAFE, throw by RF to home
|
|
Batting: RHB Carl Nichols
|
0-0: Ground out 6-3 (Groundball, 56D, EV 87.5 MPH)
|
| Bottom of the 8th over - 1 run, 2 hits, 0 errors, 1 left on base; Winter Haven 4 - Fort Myers 10 |
| TOP OF THE 9TH |
|
Winter Haven Sun Sox batting - Pitching for Fort Myers Palms : RHP Steve Dunnegan
|
|
Batting: RHB Mark Campbell
|
0-0: Ball 1-0: Swinging Strike 1-1: Fly out, F8 (Line Drive, 8RM, EV 91.9 MPH)
|
|
Batting: LHB Don Carter
|
0-0: Ball 1-0: Ball 2-0: SINGLE (Groundball, 34D, EV 98.1 MPH)
|
|
Pitching: RHP David Thornton
|
|
|
Batting: RHB Takashi Upshur
|
0-0: Swinging Strike 0-1: Called Strike 0-2: Strikes out swinging
|
|
Batting: RHB Augie Schmidt
|
0-0: SINGLE (Groundball, 4D, EV 103.8 MPH) Don Carter to second
|
|
Batting: RHB Sam Sorce
|
0-0: Ball 1-0: Ball 2-0: Fly out, F9 (Flyball, 89S, EV 88.1 MPH)
|
| Top of the 9th over - 0 runs, 2 hits, 0 errors, 2 left on base; Winter Haven 4 - Fort Myers 10 |
|